 Dungeon Crawl Stone Soup version 0.25.1-2-g60ff931df9 (webtiles) character file.

Game seed: 5193406458006856780

882 Artemis the Cudgeler (level 7, -9/61 HPs)
             Began as a Minotaur Monk on Sept 10, 2020.
             Was a Priest of Okawaru.
             Engulfed by a cloud of flame (22 damage)
             ... on level 6 of the Dungeon.
             The game lasted 00:16:03 (4539 turns).

Artemis the Cudgeler (Minotaur Monk)                Turns: 4539, Time: 00:16:04

Health: -9/61      AC:  9    Str: 16    XL:     7   Next: 76%
Magic:  6/6        EV: 13    Int: 13    God:    Okawaru [***...]
Gold:   352        SH:  0    Dex: 17    Spells: 6/6 levels left

rFire    . . .     SeeInvis +   t - +0 mace
rCold    . . .     Gourm    .   (no shield)
rNeg     . . .     Faith    .   d - +0 ring mail of Indecent Exposure {Regen+ Dex+3 SInv}
rPois    .         Spirit   .   (helmet restricted)
rElec    .         Reflect  .   (no cloak)
rCorr    .         Harm     .   v - +2 pair of gloves
MR       .....                  (no boots)
Stlth    ++........             B - amulet of magic regeneration
HPRegen  0.60/turn              k - ring of wizardry
MPRegen  0.35/turn              z - +6 ring of intelligence

@: no status effects
A: retaliatory headbutt, horns 2
a: Heroism, Renounce Religion


You were on level 6 of the Dungeon.
You worshipped Okawaru.
Okawaru was most pleased with you.
You were hungry.

You visited 2 branches of the dungeon, and saw 7 of its levels.
You also visited: Sewer.

You collected 352 gold pieces.

Inventory:

Hand Weapons
 a - a +1 falchion
 t - a +0 mace (weapon)
Missiles
 f - 6 javelins (quivered)
Armour
 d - the +0 ring mail of Indecent Exposure (worn) {Regen+ Dex+3 SInv}
   (You found it in a sewer)

   It affects your dexterity (+3).
   It lets you see invisible.
   It increases your rate of regeneration.
 g - a +1 scale mail of cold resistance
 h - a +1 plate armour
 j - a +0 scale mail
 r - a +0 robe of the Archmagi
 v - a +2 pair of gloves (worn)
 C - a +1 pair of gloves
Jewellery
 k - a ring of wizardry (left hand)
 z - a +6 ring of intelligence (right hand)
 B - an amulet of magic regeneration (around neck)
Scrolls
 e - 2 scrolls of magic mapping
 o - a scroll of enchant armour
 q - 2 scrolls of teleportation
 s - 2 scrolls of fog
 u - a scroll of amnesia
 w - a scroll of identify
 y - 2 scrolls of fear
 D - 4 scrolls of remove curse
Potions
 b - a potion of ambrosia {unknown}
 i - a potion of stabbing {unknown}
 l - a potion of degeneration {unknown}
 n - 3 potions of heal wounds
 p - a potion of flight {unknown}
 x - 3 potions of curing
 A - 2 potions of berserk rage {unknown}
Comestibles
 c - 14 rations


   Skills:
 + Level 5.2 Fighting
 + Level 4.6 Long Blades
 * Level 6.9 Maces & Flails
 * Level 4.8 Armour
 + Level 4.3 Dodging
 + Level 2.1 Stealth


You had 6 spell levels left.
You didn't know any spells.
Your spell library was empty.

Dungeon Overview and Level Annotations

Branches:
Dungeon (6/15)             Temple (1/1) D:4           Sewer (visited)

Altars:
Dithmenos
Elyvilon
Gozag
Makhleb
Okawaru
Ru
Trog
Uskayaw
Vehumet
Wu Jian
Zin


Innate Abilities, Weirdness & Mutations

You reflexively headbutt those who attack you in melee.
You have a pair of horns on your head.


Message History

You throw a javelin.
The javelin pierces through the bullfrog but does no damage.
The bullfrog is almost dead.
The bullfrog closely misses you. The bullfrog barely misses you.
The bullfrog hits you. x2
The bullfrog hits you. The bullfrog hits you.
You hit the bullfrog but do no damage.
The bullfrog is almost dead.
The bullfrog hits you.
The bullfrog hits you but does no damage.
You closely miss the bullfrog. You headbutt the bullfrog.
The bullfrog explodes!
The fiery explosion engulfs you!!!
Ouch! That really hurt!
* * * LOW HITPOINT WARNING * * *
Okawaru accepts your kill.
Okawaru will now gift you ammunition as you gain piety.
You are engulfed in blazing flames.
You die...

## ##. #..
###..##
#.....##
#....##
#§@§.##
##§§..#
#§§..##
##....##
####.....# #
(...#....#.#
##...(....#
#####.<##...#
#### ####


There were no monsters in sight!

Vanquished Creatures
  Purgy (Sewer)
  An ice beast (D:5)
  A centaur (D:5)
  A bullfrog (D:6)
  A scorpion (D:5)
  A crimson imp (D:5)
  2 hounds (D:5)
  2 jellies (D:5)
  2 orc wizards (D:4)
  4 worker ants
  A hound zombie (D:5)
  A river rat (D:4)
  5 adders
  A shadow imp (D:4)
  3 worms
  3 dart slugs
  8 leopard geckos
  11 orcs
  2 ball pythons (D:1)
  14 bats
  10 giant cockroaches
  4 goblins
  7 hobgoblins
  6 jackals
  10 kobolds
  5 quokkas
  3 frilled lizards
  A quokka skeleton (D:4)
  9 rats
120 creatures vanquished.

Notes
Turn   | Place    | Note
-------+----------+-------------------------------------------
     0 | D:1      | Artemis the Minotaur Monk began the quest for the Orb.
     0 | D:1      | Reached XP level 1. HP: 19/19 MP: 0/0
   269 | D:1      | Reached XP level 2. HP: 21/27 MP: 1/1
   708 | D:2      | Found an ornate altar of the Wu Jian Council.
   726 | D:2      | Reached XP level 3. HP: 33/33 MP: 2/2
  1090 | D:2      | Reached skill level 1 in Armour
  1366 | D:2      | Reached XP level 4. HP: 38/41 MP: 3/3
  2278 | D:3      | Reached skill level 1 in Maces & Flails
  2581 | D:4      | Reached skill level 2 in Maces & Flails
  2581 | D:4      | Reached XP level 5. HP: 45/47 MP: 4/4
  2670 | D:4      | Found a burning altar of Makhleb.
  2730 | D:4      | Found a sacrificial altar of Ru.
  2741 | D:4      | Found a white marble altar of Elyvilon.
  2859 | D:4      | Reached skill level 3 in Maces & Flails
  2945 | D:4      | Found a glowing drain.
  2949 | Sewer    | Entered a sewer
  3012 | Sewer    | Noticed Purgy
  3027 | Sewer    | Killed Purgy
  3027 | Sewer    | Reached skill level 4 in Maces & Flails
  3027 | Sewer    | Reached XP level 6. HP: 38/55 MP: 5/5
  3039 | Sewer    | Got a heavily runed ring mail
  3198 | D:4      | Identified the cursed +0 ring mail of Indecent Exposure
                  | {Regen+ Dex+3 SInv} (You found it in a sewer)
  3239 | D:4      | Found a staircase to the Ecumenical Temple.
  3248 | Temple   | Entered the Ecumenical Temple
  3254 | Temple   | Became a worshipper of Warmaster Okawaru
  3254 | Temple   | Reached * piety under Okawaru
  3254 | Temple   | Reached ** piety under Okawaru
  3560 | D:5      | Entered Level 5 of the Dungeon
  3595 | D:5      | Reached skill level 5 in Maces & Flails
  3813 | D:5      | Reached XP level 7. HP: 52/60 MP: 6/6
  3815 | D:5      | Found a hide-covered altar of Uskayaw.
  3827 | D:5      | Reached skill level 5 in Fighting
  4139 | D:5      | Reached skill level 6 in Maces & Flails
  4539 | D:6      | Reached *** piety under Okawaru
  4539 | D:6      | Engulfed by a cloud of flame

Illustrated notes

Levels and vault maps discovered:
D:1:      dpeg_arrival_simpleton_b, layout_rooms
D:2:      layout_basic, old_standard_altar
D:3:      layout_basic, chequers_serial_rivers_room_a
D:4:      layout_cave_pools, elyvilon_altar_5, marbit_many_paths,
          kennysheep_little_box, minmay_temple_entry_gardened_gates,
          gup_sewer_entry_spiral, kennysheep_nondescript
D:5:      layout_loops_ring, kennysheep_mini_moat, first_ration,
          minmay_misc_feat_nine_boxes
D:6:      lemuel_insect_pit, layout_layer_cave, overflow_temple_1_default
Temple:   eino_temple_rhombus

Skill      XL: |  1  2  3  4  5  6  7 |
---------------+----------------------+-----
Fighting       | 4 5 |  5.2
Long Blades    | 4 |  4.6
Armour         | 1 2 3 4 |  4.8
Stealth        | 2 |  2.1
Maces & Flails | 2 4 5 6 |  6.9
Dodging        | 4 |  4.3

Action                   |  1- 3 |  4- 6 |  7- 9 || total
-------------------------+-------+-------+-------++-------
Melee: Falchion          |    80 |       |       ||    80
       Headbutt          |    14 |    21 |    16 ||    51
       Mace              |    11 |   173 |    57 ||   241
       Club              |     5 |       |       ||     5
Throw: Javelin           |       |       |     2 ||     2
  Use: Scroll            |     5 |     8 |     2 ||    15
       Potion            |       |     2 |       ||     2
 Stab: Sleeping          |     3 |       |       ||     3
  Eat: Chunk             |     2 |     8 |     1 ||    11
Armor: Plate armour      |    16 |       |       ||    16
       Robe              |     2 |       |       ||     2
       Scale mail        |    20 |    95 |       ||   115
       Ring mail         |       |    15 |    22 ||    37
Dodge: Dodged            |    67 |   148 |    33 ||   248
       Rpst.: Falchion   |    14 |       |       ||    14
